 Dungeon Crawl Stone Soup version 0.18-a0-1788-g92de1ac (webtiles) character file.

688 LernaeanJelly the Conjurer (level 7, -7/46 HPs)
             Began as a Mummy Wanderer on Apr 19, 2016.
             Mangled by a wyvern (16 damage)
             ... on level 5 of the Dungeon.
             The game lasted 00:30:17 (9126 turns).

LernaeanJelly the Conjurer (Mummy Wanderer)         Turns: 9126, Time: 00:30:18

Health: -7/46      AC:  5    Str: 18    XL:     7   Next: 36%
Magic:  1/14       EV: 10    Int: 12    God:
Gold:   296        SH:  4    Dex: 13    Spells: 6 memorised, 3 levels left

rFire  x . .     SeeInvis .     o - +1 falchion (slice)
rCold  + . .     Gourm    .     d - +0 robe
rNeg   + + +     Faith    .     c - +0 buckler
rPois  ∞         Spirit   .     l - +2 hat
rElec  .         Dismiss  .     p - +0 cloak
rCorr  .         Reflect  .     (no gloves)
SustAt .         Harm     .     (no boots)
MR     .....                    (no amulet)
Stlth  +.........               (no ring)
                                e - +3 ring of strength

@: very slightly contaminated, repel missiles, not resistant to hostile
enchantments, very unstealthy
A: no food or potions, fire vulnerability, cold resistance 1, negative energy
resistance 3, torment resistance, unbreathing
a: no special abilities


You were on level 5 of the Dungeon.
You were not hungry.

You visited 1 branch of the dungeon, and saw 5 of its levels.
You also visited: Sewer.

You collected 296 gold pieces.

Inventory:

Hand Weapons
 o - a +1 falchion of slicing (weapon)
   (You took it off Robin on level 2 of the Dungeon)
 s - a +0 dagger of speed
   (You found it on level 2 of the Dungeon)
 y - a +0 spear
   (You took it off a gnoll on level 3 of the Dungeon)
 z - a +0 blowgun
   (You took it off a kobold on level 3 of the Dungeon)
Missiles
 j - 58 poisoned needles
 k - 42 sling bullets
 v - 76 stones (quivered)
Armour
 c - a +0 buckler (worn)
 d - a +0 robe (worn)
 l - a +2 hat (worn)
   (You found it on level 2 of the Dungeon)
 n - a +0 helmet
   (You took it off Robin on level 2 of the Dungeon)
 p - a +0 cloak (worn)
   (You found it on level 2 of the Dungeon)
 C - a +0 pair of boots of stealth
   (You found it on level 5 of the Dungeon)
Jewellery
 e - a +3 ring of strength (left hand)
   (You found it on level 3 of the Dungeon)
Wands
 t - a wand of iceblast (5/15)
   (You found it on level 4 of the Dungeon)
Scrolls
 g - 3 scrolls of amnesia {unknown}
 h - 2 scrolls of immolation {unknown}
 i - 3 scrolls of remove curse {unknown}
 m - 2 scrolls of random uselessness {unknown}
 q - 4 scrolls of teleportation {unknown}
 r - a scroll of enchant weapon {unknown}
 u - a scroll of recharging {unknown}
 w - a scroll of fear {unknown}
 x - a scroll of blinking {unknown}
 A - a scroll of identify {unknown}
 B - a scroll of magic mapping {unknown}
Books
 a - a book of Minor Magic
 b - the Incunabulum of Lightness

   Spells                             Type                      Level
   a - Shock                          Conjuration/Air              1
   b - Mephitic Cloud                 Conjuration/Poison/Air       3
 f - a book of Ice
   (You found it on level 3 of the Dungeon)


   Skills:
 - Level 1.1 Shields
 - Level 5.0 Spellcasting
 - Level 5.2 Conjurations
 - Level 1.0 Charms
 - Level 1.5 Summonings
 - Level 2.2 Fire Magic
 + Level 1.8 Air Magic
 + Level 1.8 Poison Magic
 - Level 1.0 Evocations


You had 3 spell levels left.
You knew the following spells:

 Your Spells              Type           Power        Failure   Level  Hunger
a - Magic Dart            Conj           ###.         4%          1    N/A
b - Conjure Flame         Conj/Fire      ##......     24%         3    N/A
g - Mephitic Cloud        Conj/Pois/Air  ##......     28%         3    N/A
s - Call Imp              Summ           #.......     28%         2    N/A
x - Repel Missiles        Chrm/Air       #.....       28%         2    N/A
B - Blink                 Tloc           N/A          50%         2    N/A

Dungeon Overview and Level Annotations

Branches:
Dungeon (5/15)             Temple (0/1) D:5

Altars:
Makhleb

Annotations:
D:5 Blork the orc


Innate Abilities, Weirdness & Mutations

You do not eat or drink.
Your flesh is vulnerable to fire.
You are immune to poison.
Your flesh is cold resistant.
You are immune to negative energy.
You are immune to unholy pain and torment.
You can survive without breathing.


Message History

Nothing appears to happen.
You now have 13/14 mp.
Aim: a giant frog skeleton The magic dart hits the giant frog skeleton.
You now have 12/14 mp.
Aim: a giant frog skeleton The magic dart hits the giant frog skeleton.
You now have 11/14 mp.
Aim: a giant frog skeleton The magic dart hits the giant frog skeleton.
You now have 10/14 mp.
Aim: a giant frog skeleton The magic dart hits the giant frog skeleton.
The giant frog skeleton hits you.
You take 1 damage, and have 45/46 hp.
You now have 9/14 mp.
Aim: a giant frog skeleton You miscast Magic Dart.
Nothing appears to happen.
The giant frog skeleton hits you but does no damage.
You now have 8/14 mp.
Aim: a giant frog skeleton The magic dart hits the giant frog skeleton.
The giant frog skeleton hits you but does no damage.
Aim: a giant frog skeleton The magic dart hits the giant frog skeleton.
The giant frog skeleton closely misses you.
The giant frog skeleton hits you but does no damage.
You now have 7/14 mp.
Aim: a giant frog skeleton The magic dart hits the giant frog skeleton.
You destroy the giant frog skeleton!
You now have 6/14 mp.
You can't see any susceptible monsters within range! (Use Z to cast anyway.)
You can't see any susceptible monsters within range! (Use Z to cast anyway.)
You can't see any susceptible monsters within range! (Use Z to cast anyway.) Unknown command.
You start resting.
Health restored: 46 You start resting.
Your magical contamination has completely faded away.
You regained 4 mp, and now have 10/14 mp.
You start resting.
You regained 3 mp, and now have 13/14 mp.
You start resting.
MP restored: 14 You now have 296 gold pieces (gained 16).
Found 13 gold pieces.
A wyvern comes into view.
The fire roars!
You now have 11/14 mp.
Aim: a wyvern The magic dart hits the wyvern.
You now have 10/14 mp.
Aim: a wyvern The magic dart hits the wyvern.
You now have 9/14 mp.
Aim: a wyvern The magic dart hits the wyvern.
You now have 8/14 mp.
Aim: a wyvern The magic dart hits the wyvern.
You now have 7/14 mp.
Aim: a wyvern (lightly wounded)
You miscast Magic Dart.
You are very lightly contaminated with residual magic.
The air around you crackles with energy!
You now have 6/14 mp.
Aim: a wyvern (lightly wounded)
The ball explodes into a vile cloud!
The stinking cloud engulfs the wyvern.
The wyvern is engulfed in noxious fumes.
You now have 4/14 mp.
Unknown command.
You barely miss the wyvern. The wyvern closely misses you.
The wyvern bites you!
* * * LOW HITPOINT WARNING * * *
You take 16 damage, and have 30/46 hp.
MASSIVE DAMAGE!!
You miscast Mephitic Cloud.
You feel sick. The wyvern bites you.
* * * LOW HITPOINT WARNING * * *
The wyvern closely misses you.
You take 6 damage, and have 24/46 hp.
You now have 1/14 mp.
You don't have enough magic to cast that spell.
Unknown command.
Unknown command.
Okay, then.
The wyvern bites you!
* * * LOW HITPOINT WARNING * * *
You take 15 damage, and have 9/46 hp.
MASSIVE DAMAGE!!
Unknown command.
Read which item? (? for menu, Esc to quit)
Okay, then.
Unknown command.
Okay, then.
Unknown command.
Unknown command.
Unknown command.
The wyvern bites you!
You die...

######.## ........#
######..##### #
#.........# #
#.##..###.#
###.#...###.#
.........##.#
........###.#######
######.## #.....@.#
#.# #######l#######
#.# #.......$.#
#.#######.# #. # ##
.+


You could see a wyvern.

Vanquished Creatures
  A phantom (D:5)
  A crimson imp (D:5)
  2 hounds
  A giant frog zombie (D:5)
  An orc priest (D:3)
  A giant frog skeleton (D:5)
  An iguana (D:4)
  A worker ant (D:5)
  A howler monkey zombie (D:5)
  8 adders
  3 gnolls (D:3)
  2 shadow imps (D:5)
  An adder zombie (D:5)
  2 oozes
  3 worms
  2 dart slugs (D:1)
  5 giant geckos
  9 orcs
  2 ball pythons
  16 bats
  10 giant cockroaches
  11 goblins
  5 hobgoblins
  8 jackals
  5 quokkas
  2 giant gecko skeletons (D:4)
  7 giant newts
  2 jackal skeletons (D:4)
  9 kobolds
  5 rats
127 creatures vanquished.

Vanquished Creatures (collateral kills)
  An ogre (D:4)
  An orc wizard (D:4)
  A hound skeleton (D:4)
  Robin (D:2)
  2 orcs
  2 bats (Sewer)
8 creatures vanquished.

Grand Total: 135 creatures vanquished

Notes
Turn   | Place    | Note
--------------------------------------------------------------
     0 | D:1      | LernaeanJelly the Mummy Wanderer began the quest for the Orb.
     0 | D:1      | LernaeanJelly set off with: a book of Minor Magic, the Incunabulum of Lightness, a +0 buckler, a +0 robe, a +0 club
     0 | D:1      | Reached XP level 1. HP: 13/13 MP: 6/6
     6 | D:1      | Identified the Incunabulum of Lightness
     8 | D:1      | Learned a level 1 spell: Magic Dart
   264 | D:1      | Reached skill level 1 in Conjurations
   355 | D:1      | Reached XP level 2. HP: 19/19 MP: 0/8
  1187 | D:2      | Reached XP level 3. HP: 23/24 MP: 1/9
  1250 | D:2      | Reached skill level 2 in Conjurations
  1365 | D:2      | Noticed Robin
  1626 | D:1      | Learned a level 2 spell: Blink
  1629 | D:1      | Learned a level 2 spell: Call Imp
  1633 | D:1      | Learned a level 3 spell: Conjure Flame
  1637 | D:1      | Learned a level 3 spell: Mephitic Cloud
  1997 | D:2      | Killed Robin
  2434 | D:2      | Reached XP level 4. HP: 27/30 MP: 3/11
  2515 | D:2      | Learned a level 2 spell: Repel Missiles
  2615 | D:3      | Reached skill level 3 in Conjurations
  3176 | D:3      | Reached XP level 5. HP: 28/35 MP: 5/12
  3721 | D:4      | Noticed an ogre
  3748 | D:4      | Killed an ogre
  3748 | D:4      | Reached skill level 4 in Conjurations
  4343 | D:4      | Found a burning altar of Makhleb.
  4358 | D:4      | Reached skill level 1 in Fire Magic
  4843 | D:3      | Reached XP level 6. HP: 41/41 MP: 10/13
  5129 | D:5      | Entered Level 5 of the Dungeon
  5134 | D:5      | Found a staircase to the Ecumenical Temple.
  5637 | D:5      | Found a glowing drain.
  5685 | Sewer    | Entered a sewer
  6289 | D:5      | Noticed Blork the orc
  6515 | D:4      | HP: 4/41 [iguana (11)]
  6670 | D:4      | HP: 10/41 [iguana (14)]
  6918 | D:4      | Reached skill level 5 in Conjurations
  7252 | D:3      | Reached skill level 2 in Fire Magic
  8521 | D:5      | Reached XP level 7. HP: 46/46 MP: 6/14
  8613 | D:5      | Reached skill level 1 in Air Magic
  8613 | D:5      | Reached skill level 1 in Poison Magic
  9114 | D:5      | Noticed a wyvern
  9124 | D:5      | HP: 9/46 [wyvern (16)]
  9126 | D:5      | Mangled by a wyvern

Vault maps used:
D:1:      dpeg_arrival_tiny_a
D:2:      due_unseen_surprise, uniq_robin
D:3:      kennysheep_generic_room_16
D:4:      makhleb_blood_cavern_becter, first_bread
D:5:      temple_fountains, portal_sewer_entry_f, uniq_blork_the_orc, uniq_pikel
Sewer:    sewer_fruit_machine

Skill      XL: |  1  2  3  4  5  6  7 |
---------------+----------------------+-----
Conjurations   | 1 2 3 4 5 |  5.2
Fire Magic     | 1 2 |  2.2
Air Magic      | 1 |  1.8
Poison Magic   | 1 |  1.8
Shields        | |  1.1
Spellcasting   | |  5.0
Charms         | |  1.0
Summonings     | |  1.5
Evocations     | |  1.0

Action                   |  1- 3 |  4- 6 |  7- 9 || total
-------------------------+-------+-------+-------++-------
Melee: Short sword       |    21 |       |       ||    21
       Falchion          |       |    60 |     7 ||    67
Throw: Stone             |       |     2 |       ||     2
 Cast: Magic Dart        |   116 |   287 |    42 ||   445
       Call Imp          |     1 |    11 |       ||    12
       Conjure Flame     |       |     6 |     2 ||     8
       Repel Missiles    |       |     2 |       ||     2
       Mephitic Cloud    |       |     4 |     1 ||     5
 Stab: Sleeping          |     1 |       |       ||     1
       Distracted        |       |     1 |       ||     1
Armor: Robe              |    14 |    45 |     7 ||    66
Dodge: Dodged            |    38 |    75 |     8 ||   121
       Deflected         |       |     1 |       ||     1
Block: Buckler           |     8 |    28 |     2 ||    38

Vault maps used:
D:1:      dpeg_arrival_tiny_a
D:2:      due_unseen_surprise, uniq_robin
D:3:      kennysheep_generic_room_16
D:4:      makhleb_blood_cavern_becter, first_bread
D:5:      temple_fountains, portal_sewer_entry_f, uniq_blork_the_orc, uniq_pikel
Sewer:    sewer_fruit_machine

Table legend:
 A = Turns spent in this place as a percentage of turns spent in the entire game.
 B = Non-inter-level travel turns spent in this place as a percentage of non-inter-level travel turns spent in the entire game.
 C = Inter-level travel turns spent in this place as a percentage of turns spent in this place.
 D = Turns resting spent in this place as a percentage of non-inter-level travel turns spent in this place.
 E = Turns spent auto-exploring this place as a percentage of non-inter-level travel turns spent in this place.
 F = Non-inter-level travel turns spent in this place divided by the number of levels of this place that you've seen.
                   A       B       C       D       E      F
               +-------+-------+-------+-------+-------+----------------------
         Total | 100.0 | 100.0 |   0.6 |  14.5 |   9.0 | 660.0
       Dungeon |  93.6 |  93.6 |   0.6 |  14.3 |   9.1 | 741.2
         Sewer |   6.4 |   6.4 |   0.0 |  17.3 |   8.7 | 254.0
               +-------+-------+-------+-------+-------+----------------------

Table legend:
 A = Kills in this place as a percentage of kills in entire the game.
 B = Kills by you in this place as a percentage of kills by you in the entire game.
 C = Kills by friends in this place as a percentage of kills by friends in the entire game.
 D = Other kills in this place as a percentage of other kills in the entire game.
 E = Experience gained in this place as a percentage of experience gained in the entire game.
 F = Experience gained in this place divided by the number of levels of this place that you have seen.
                   A       B       C       D       E      F
               +-------+-------+-------+-------+-------+----------------------
         Total | 100.0 | 100.0 | 100.0 |  -nan | 100.0 | 163.8
       Dungeon |  86.7 |  87.4 |  75.0 |  -nan |  96.3 | 189.4
         Sewer |  13.3 |  12.6 |  25.0 |  -nan |   3.7 |  36.0
               +-------+-------+-------+-------+-------+----------------------
